 Dungeon Crawl Stone Soup version 0.26.1-11-gd32895ea62 (webtiles) character file.

Game seed: 11890308204948844333

561580 Elvor the Victor of a Thousand Battles (level 26, -2/208 HPs)
             Began as a Gnoll Warper on July 2, 2021.
             Was the Champion of Okawaru.
             Slain by a sun demon (6 damage)
             ... on level 3 of the Depths on July 9, 2021.
             The game lasted 12:42:11 (50187 turns).

Elvor the Victor of a Thousand Battles (GnWr)      Turns: 50187, Time: 12:42:11

Health: -2/208     AC: 29    Str: 28    XL:     26   Next: 66%
Magic:  33/54      EV: 27    Int: 24    God:    Okawaru [******]
Gold:   1862       SH: 17    Dex: 26    Spells: 5/59 levels left

rFire    + + .     SeeInvis +   w - +6 double sword (vamp)
rCold    + + +     Faith    .   a - +0 kite shield of the End {rC++ Regen+ Int-2 SInv}
rNeg     . . .     Spirit   .   T - +5 scale mail of Pinod {Dex+6}
rPois    .         Reflect  .   k - +3 hat of Pondering {ponderous, Will+ MP+10 Int+5}
rElec    +         Harm     .   X - +2 cloak of the Carpenter {rC+}
rCorr    .         Rampage  .   n - +2 pair of gloves {Str+3}
Will     ++...     Rnd*Rage +   r - +2 pair of boots {run}
Stlth    ++++++....             g - amulet of regeneration
HPRegen  1.24/turn              m - ring "Ischom" {Wiz rElec rF++ Str-2 Int+4}
MPRegen  0.34/turn              l - ring "Kueh" {rC+ MP+9 Str+6 Int-3 Dex+5}

@: no status effects
A: distributed training, fangs 1, berserk 1, blurry vision 1, deterioration 1,
low mp 2, strong nose
}: 3/15 runes: decaying, abyssal, gossamer
a: Renounce Religion, Heroism, Finesse


You were on level 3 of the Depths.
You worshipped Okawaru.
Okawaru was exalted by your worship.
You visited 9 branches of the dungeon, and saw 43 of its levels.
You visited the Abyss 1 time.
You visited 1 bazaar.
You also visited: Gauntlet and Volcano.

You collected 6015 gold pieces.
You spent 4153 gold pieces at shops.

Inventory:

Hand Weapons
 w - a +6 vampiric double sword (weapon)
 S - the +6 shillelagh "Devastator" {shatter}
   (You found it on level 8 of the Dungeon)
Missiles
 E - 14 javelins
 K - 139 poisoned darts
 P - 5 curare-tipped darts
Armour
 a - the +0 kite shield of the End (worn) {rC++ Regen+ Int-2 SInv}
   (You acquired it on level 3 of the Abyss)

   It affects your intelligence (-2).
   It greatly protects you from cold.
   It lets you see invisible.
   It increases your rate of regeneration.
 k - the +3 hat of Pondering (worn) {ponderous, Will+ MP+10 Int+5}
   (You took it off Gastronok on level 2 of the Lair of Beasts)

   It affects your intelligence (+5).
   It affects your willpower, your defense against some magical effects.
   It affects your magic capacity (+10).
 n - a +2 pair of gloves of strength (worn)
 r - a +2 pair of boots of running (worn)
 T - the +5 scale mail of Pinod (worn) {Dex+6}
   (You took it off an orc knight on level 2 of the Vaults)

   It affects your dexterity (+6).
 X - the +2 cloak of the Carpenter (worn) {rC+}
   (You found it in a Gauntlet)

   It protects you from cold.
Jewellery
 g - an amulet of regeneration (around neck)
 l - the ring "Kueh" (right hand) {rC+ MP+9 Str+6 Int-3 Dex+5}
   (You took it off Kirke on level 15 of the Dungeon)

   [ring of strength]

   It affects your strength (+6).
   It affects your intelligence (-3).
   It affects your dexterity (+5).
   It protects you from cold.
   It affects your magic capacity (+9).
 m - the ring "Ischom" (left hand) {Wiz rElec rF++ Str-2 Int+4}
   (You bought it in a shop on level 2 of the Orcish Mines)

   [ring of wizardry]

   It improves your spell success rate.
   It affects your strength (-2).
   It affects your intelligence (+4).
   It greatly protects you from fire.
   It insulates you from electricity.
Wands
 c - a wand of iceblast (14)
 z - a wand of enslavement (42)
 B - a wand of paralysis (24)
 F - a wand of acid (19)
 H - a wand of polymorph (68)
 M - a wand of digging (21)
Scrolls
 f - 4 scrolls of blinking
 h - 9 scrolls of fog
 i - 19 scrolls of teleportation
 o - 7 scrolls of identify
 s - 17 scrolls of magic mapping
 v - 9 scrolls of remove curse
 I - 2 scrolls of silence
 J - 13 scrolls of fear
 U - a scroll of immolation
 Y - 4 scrolls of summoning
Potions
 p - 4 potions of cancellation
 q - 4 potions of berserk rage
 t - 5 potions of brilliance
 x - 8 potions of curing
 A - 6 potions of lignification
 D - 4 potions of might
 G - 4 potions of haste
 L - a potion of resistance
 O - 3 potions of magic
 Q - 8 potions of heal wounds
 W - 3 potions of invisibility
 Z - 16 potions of ambrosia
Miscellaneous
 e - a lightning rod (4/4)
 V - a tin of tremorstones (inert)


   Skills:
 + Level 17.2 Fighting
 + Level 16.7 Short Blades
 + Level 16.7 Long Blades
 + Level 16.7 Axes
 + Level 17.2 Maces & Flails
 + Level 16.7 Polearms
 + Level 16.7 Staves
 + Level 16.7 Slings
 + Level 16.7 Bows
 + Level 16.7 Crossbows
 + Level 16.9 Throwing
 + Level 16.9 Armour
 + Level 17.2 Dodging
 + Level 16.7 Stealth
 + Level 16.7 Shields
 + Level 16.7 Unarmed Combat
 + Level 17.3 Spellcasting
 + Level 14.4 Conjurations
 + Level 14.4 Hexes
 + Level 14.4 Summonings
 + Level 14.4 Necromancy
 + Level 15.2 Translocations
 + Level 14.4 Transmutations
 + Level 14.4 Fire Magic
 + Level 14.4 Ice Magic
 + Level 14.4 Air Magic
 + Level 14.4 Earth Magic
 + Level 14.4 Poison Magic
 + Level 18.0 Invocations
 + Level 16.7 Evocations


You had 5 spell levels left.
You knew the following spells:

 Your Spells              Type           Power        Failure   Level
a - Blink                 Tloc           N/A          0%          2
b - Apportation           Tloc           100%         0%          1
c - Petrify               Tmut/Erth      74%          1%          4
d - Statue Form           Tmut/Erth      49%          1%          6
e - Passage of Golubria   Tloc           N/A          1%          4
f - Iron Shot             Conj/Erth      37%          1%          6
g - Swiftness             Air            74%          0%          2
h - Lightning Bolt        Conj/Air       37%          1%          5
i - Fireball              Conj/Fire      37%          1%          5
k - Passwall              Tmut/Erth      61%          0%          2
l - Stone Arrow           Conj/Erth      100%         1%          3
m - Lee's Rapid Deconstr  Erth           37%          1%          5
n - Shatter               Erth           37%          98%         9

Your spell library contained the following spells:

 Spells                   Type           Power        Failure   Level
 Animate Skeleton         Necr           100%         0%          1
 Corona                   Hex            82%          0%          1
 Foxfire                  Conj/Fire      100%         0%          1
 Magic Dart               Conj           100%         0%          1
 Sandblast                Erth           100%         0%          1
 Shock                    Conj/Air       100%         0%          1
 Sting                    Tmut/Pois      100%         0%          1
 Summon Small Mammal      Summ           100%         0%          1
 Call Imp                 Summ           74%          0%          2
 Corpse Rot               Necr/Air       N/A          0%          2
 Ensorcelled Hibernation  Hex/Ice        100%         0%          2
 Poisonous Vapours        Pois/Air       100%         0%          2
 Searing Ray              Conj           100%         0%          2
 Slow                     Hex            74%          0%          2
 Call Canine Familiar     Summ           74%          1%          3
 Confusing Touch          Hex            74%          1%          3
 Conjure Flame            Conj/Fire      74%          1%          3
 Dazzling Flash           Conj/Hex       100%         1%          3
 Gell's Gravitas          Tloc           38%          1%          3
 Ignite Poison            Fire/Tmut/Pois 74%          1%          3
 Inner Flame              Hex/Fire       74%          1%          3
 Lesser Beckoning         Tloc           38%          1%          3
 Mephitic Cloud           Conj/Pois/Air  74%          1%          3
 Static Discharge         Conj/Air       74%          1%          3
 Summon Guardian Golem    Hex/Summ       74%          1%          3
 Teleport Other           Tloc           76%          1%          3
 Airstrike                Air            37%          1%          4
 Cause Fear               Hex            37%          1%          4
 Fulminant Prism          Conj/Hex       37%          1%          4
 Hailstorm                Conj/Ice       74%          1%          4
 Ice Form                 Ice/Tmut       74%          1%          4
 Iskenderun's Mystic Bla  Conj/Tloc      75%          1%          4
 Leda's Liquefaction      Hex/Erth       37%          1%          4
 Olgreb's Toxic Radiance  Pois           74%          1%          4
 Sticky Flame             Conj/Fire      74%          1%          4
 Summon Ice Beast         Ice/Summ       74%          1%          4
 Summon Lightning Spire   Summ/Air       74%          1%          4
 Bolt of Magma            Conj/Fire/Erth 37%          1%          5
 Metabolic Englaciation   Hex/Ice        37%          1%          5
 Summon Forest            Summ/Tloc      37%          1%          5
 Yara's Violent Unravell  Hex/Tmut       37%          1%          5
 Eringya's Noxious Bog    Tmut/Pois      37%          1%          6
 Hydra Form               Tmut           37%          1%          6
 Invisibility             Hex            74%          1%          6
 Dragon Form              Tmut           37%          4%          7
 Haunt                    Necr/Summ      37%          4%          7
 Spellforged Servitor     Conj/Summ      37%          4%          7
 Summon Hydra             Summ           37%          4%          7
 Borgnjor's Revivificati  Necr           37%          28%         8
 Infestation              Necr           37%          28%         8
 Necromutation            Tmut/Necr      37%          28%         8
 Death's Door             Necr           37%          98%         9
 Dragon's Call            Summ           37%          98%         9


Dungeon Overview and Level Annotations

Branches:
Dungeon (15/15)            Temple (1/1) D:5            Lair (6/6) D:8
  Swamp (4/4) Lair:2       Spider (4/4) Lair:3        Slime (0/5) Lair:6
    Orc (2/2) D:11            Elf (3/3) Orc:2        Vaults (5/5) D:13
  Crypt (0/3) Vaults:3     Depths (3/5) D:15        Volcano (visited)
Gauntlet (visited)

Altars:
Ashenzari
Cheibriados
Dithmenos
Elyvilon
Fedhas
Gozag
Hepliaklqana
Kikubaaqudgha
Makhleb
Nemelex Xobeh
Okawaru
Qazlal
Ru
Sif Muna
Trog
Uskayaw
Vehumet
Wu Jian
Xom
Yredelemnul
Zin
The Shining One
Beogh
Jiyva

Shops:
D:7 ?   D:10 *   D:13 *!   D:15 (:[   Orc:2 ?[?*   Elf:2 (   Elf:3 }**
Vaults:2 (   Vaults:4 :   Depths:2 }==

Portals:
Hell: Depths:1 Depths:2
Abyss: Depths:1
Trove: Vaults:4 (give 11 potions of heal wounds)

Annotations:
Spider:4 ., 1 exclusion
Depths:3 3 runed translucent doors


Innate Abilities, Weirdness & Mutations

Your experience applies equally to all skills.
You have very sharp teeth.
Your uncanny sense of smell can sniff out nearby items.
You tend to lose your temper in combat.
Scrolls take you a little longer to read.
Your body sometimes deteriorates upon taking damage.
Your magical capacity is very low. (-20% MP)


Message History

You kill the sun demon!
Okawaru accepts your kill. The balrug gestures at you. Something smites you!
* * * LOW HITPOINT WARNING * * *
Which direction?
You close the door.
A sun demon opens the door.
Which direction?
You close the door.
A sun demon opens the door.
There is an open translucent gate here.
You slice the sun demon!!
The sun demon is severely wounded.
You slash the sun demon!
You bite the sun demon, but do no damage.
The sun demon is almost dead.
The balrug shouts!
The sun demon hits you!!
* * * LOW HITPOINT WARNING * * *
You are engulfed in flames.
You resist.
You die...

#######............#
##.....##...........#
#.......#....#).....#
#.......#....###....#
#.......####.#####...#
#.......#....##JD# #..
#.2...##.#..##C##∆ #
#'#33'#..#..# T. ∆
#3#.@.).....# ##C
#'#+++#.....# ..
#.....####..# #.......
#..# #.......# #..# ∆
#.......# #..#
#.......# #..#
##.....## #..# #..#


You could see a balrug and 3 sun demons.

Vanquished Creatures
  Nikola (Depths:1)
  2 bone dragons (Abyss:3)
  A Brimstone Fiend (Depths:3)
  2 liches
  A hellephant (Abyss:3)
  2 deep elf blademasters
  An Ice Fiend (Depths:3)
  3 titans
  2 deep elf master archers
  Frances (D:13)
  Asterion (Depths:1)
  A quicksilver dragon (Vaults:5)
  Gastronok (Lair:2)
  5 thorn hunters
  5 tentacled starspawn (Abyss:3)
  A shadow dragon (Vaults:5)
  3 sphinxes
  Kirke (D:15)
  3 storm dragons
  A nagaraja (Vaults:2)
  5 tengu reavers
  Roxanne (Elf:3)
  4 fire giants
  10 deep elf sorcerers
  An iron dragon (Vaults:4)
  2 cacodemons (Abyss:3)
  2 balrugs
  7 frost giants
  4 emperor scorpions (Spider:4)
  4 ghost moths (Spider:4)
  An orc warlord (Orc:2)
  Aizul (Vaults:1)
  15 vault wardens
  A war gargoyle (Vaults:5)
  6 deep elf elementalists
  12 very ugly things
  20 stone giants
  A juggernaut skeleton (Depths:1)
  13 ironheart preservers
  2 vampire knights
  7 deep elf demonologists
  11 deep elf annihilators
  2 dire elephants
  Azrael (D:15)
  2 lorocyprocas (Abyss:3)
  2 minotaurs
  3 entropy weavers
  6 spark wasps
  2 bunyips
  A merfolk javelineer (Depths:2)
  12 ettins
  2 deep elf death magi (Elf:3)
  Snorg (D:13)
  2 blizzard demons (Depths:3)
  3 eleionomae (Swamp:3)
  A green death (Gauntlet)
  2 jiangshi (Abyss:3)
  16 yaktaur captains
  Josephine (D:13)
  4 deep elf high priests
  5 ice dragons
  11 fire dragons
  A boulder beetle (shapeshifter) (Depths:2)
  14 boulder beetles
  27 hydras
  Harold (Lair:2)
  A juggernaut simulacrum (Depths:1)
  Fannar (Lair:3)
  3 shambling mangroves
  7 rakshasas
  A spriggan air mage (Depths:2)
  5 great orbs of eyes
  41 vault guards
  47 two-headed ogres
  5 catoblepae
  6 alligators
  11 centaur warriors
  11 death yaks
  31 dancing weapons
  7 death knights
  21 ogre magi
  8 death scarabs (Spider:4)
  5 deep troll shamans
  The ghost of ymhsbmbesitwf the Charlatan, a novice GnWn of Trog (D:7)
  4 tengu warriors
  6 vampire magi
  The ghost of krabocopter the Fighter, a journeyman VSFi of Okawaru (D:12)
  The ghost of kalodont the Covert, a journeyman KoEn of Wu Jian (D:9)
  4 deep troll earth magi
  An orc high priest (Elf:1)
  4 thrashing horrors
  3 spriggan berserkers
  2 hell knights
  Sonja (D:12)
  A wretched star (Abyss:3)
  A shock serpent (shapeshifter) (Depths:1)
  The ghost of Shavain the Destroyer, a journeyman VSCj of Vehumet (D:10)
  2 salamander mystics
  32 deep elf knights
  2 shadow wraiths
  Nergalle (Lair:2)
  8 sun demons
  6 skeletal warriors (D:15)
  A sixfirhy (Abyss:3)
  2 sea snakes (shapeshifter)
  9 unseen horrors
  3 spriggan druids
  2 spatial maelstroms (Abyss:3)
  7 goliath frogs
  A glowing orange brain (Depths:2)
  2 wizards
  An obsidian statue (Elf:2)
  26 deep trolls
  13 swamp dragons
  16 large abominations (Abyss:3)
  15 deep elf archers
  2 flayed ghosts
  9 phantasmal warriors
  6 bog bodies
  4 wolf spider zombies
  17 ironbrand convokers
  9 orc knights
  6 necromancers
  11 harpies
  15 orb spiders
  A mana viper (shapeshifter) (D:14)
  28 wolf spiders
  4 manticores
  A frost giant zombie (Depths:2)
  62 deep elf magi
  4 spectral wolf spiders (Spider:4)
  5 oklob plants
  An orb spider (shapeshifter) (Vaults:4)
  3 orc sorcerers
  41 ugly things
  3 will-o-the-wisps
  3 worldbinders (Abyss:3)
  3 moths of wrath
  A salamander (shapeshifter) (Vaults:1)
  8 cyclopes
  2 salamanders (Depths:2)
  A guardian serpent (Vaults:2)
  Joseph (D:9)
  2 ice statues (Elf:2)
  An apocalypse crab (Abyss:3)
  2 elephants
  An elephant (shapeshifter) (Vaults:5)
  11 vault sentinels
  A rust devil (Abyss:3)
  2 naga magi (D:15)
  A black mamba (shapeshifter) (D:13)
  2 centaur zombies
  A water nymph (shapeshifter) (Vaults:4)
  4 black mambas
  An orange demon (Abyss:3)
  2 torpor snails
  A cane toad (shapeshifter) (Vaults:3)
  2 molten gargoyles (Volcano)
  An eye of devastation (Vaults:2)
  7 cane toads
  6 smoke demons
  2 gargoyles
  8 freezing wraiths
  2 spectral redbacks (Spider:4)
  5 rime drakes
  18 demonic crawlers
  An efreet (Abyss:3)
  8 ice devils
  4 yaktaurs (shapeshifter)
  2 hellwings
  51 yaktaurs
  Maggie (Lair:2)
  3 tengu conjurers
  5 kobold demonologists
  18 komodo dragons
  A yaktaur skeleton (Vaults:1)
  6 ancient zymes (Abyss:3)
  9 trolls
  3 red devils
  A spriggan skeleton (Depths:2)
  4 polar bears
  3 spectral tarantellas (Spider:4)
  8 tyrant leeches
  32 jumping spiders
  3 bloated husks
  2 spectral jumping spiders (Spider:4)
  32 hornets
  A queen bee (Lair:5)
  A slime creature (shapeshifter) (D:15)
  A polar bear (shapeshifter) (Vaults:5)
  7 meliai
  9 blink frogs
  4 raiju (Abyss:3)
  11 small abominations
  Prince Ribbit (D:8)
  An ettin zombie (Vaults:1)
  4 tarantella zombies (Spider:4)
  21 slime creatures
  A spriggan zombie (Depths:1)
  34 redbacks
  5 flying skulls (Abyss:3)
  2 shadows
  12 water elementals
  5 air elementals
  A vampire (Abyss:3)
  10 wraiths
  15 spriggans
  6 ynoxinuls (Abyss:3)
  A hog (shapeshifter) (Vaults:2)
  52 yaks
  28 tarantellas
  9 wyverns
  2 humans
  11 fire bats
  4 basilisks
  12 fire elementals
  A redback simulacrum (D:15)
  2 chaos spawn (Abyss:3)
  A golden eye (shapeshifter) (Vaults:4)
  7 hogs (D:15)
  3 steam dragons
  18 vampire mosquitoes
  3 neqoxecs (Abyss:3)
  6 wargs
  24 swamp worms
  2 nagas (D:15)
  4 hell hounds
  A soldier ant (D:10)
  3 acid dragons
  18 water moccasins
  A hydra simulacrum (Abyss:3)
  3 spectral hornets (Spider:4)
  2 floating eyes (D:15)
  2 floating eyes (shapeshifter)
  7 ice beasts
  2 hornet zombies (Spider:4)
  54 orc warriors
  A black bear (shapeshifter) (Vaults:1)
  14 swamp drakes
  4 sky beasts
  2 necrophages
  3 eyes of draining
  4 black bears
  3 phantoms
  15 boggarts
  12 wolves
  27 ogres
  15 centaurs
  2 human zombies
  4 big kobolds
  17 bullfrogs
  Blork the orc (D:4)
  A wyvern zombie (D:10)
  A glowing shapeshifter simulacrum (Vaults:1)
  4 scorpions
  2 wyvern skeletons
  2 human simulacra
  8 wights
  31 killer bees
  6 electric eels
  13 howler monkeys
  A vampire bat (D:2)
  A crimson imp (Depths:2)
  3 lava snakes (Volcano)
  9 starcursed masses (Abyss:3)
  4 bullfrog zombies
  5 jellies
  5 quasits
  A hound (D:3)
  15 orc priests
  Crazy Yiuf (D:5)
  27 orc wizards
  4 bullfrog skeletons
  10 centaur skeletons
  2 iron imps (Abyss:3)
  A gnoll shaman (Orc:1)
  2 iguanas
  7 hell rats (Lair:5)
  12 worker ants
  A naga zombie (Abyss:3)
  3 hound zombies
  Robin (D:3)
  3 howler monkey skeletons
  13 adders
  7 gnolls
  2 shadow imps
  7 white imps
  4 ufetubi (Abyss:3)
  A worm (shapeshifter) (Elf:3)
  3 dart slugs
  6 leopard geckos
  108 orcs
  11 bats
  3 bat skeletons (D:2)
  2 bat zombies (D:2)
  4 giant cockroaches
  26 goblins
  11 hobgoblins
  3 jackals (D:2)
  7 kobolds
  5 quokkas
  A ball python (D:1)
  4 frilled lizards
  A leopard gecko skeleton (D:8)
  9 rats
  8 briar patches (Swamp:4)
  A plant (Lair:6)
  4 starspawn tentacles (Abyss:3)
2208 creatures vanquished.

Vanquished Creatures (others)
  A golden dragon (Depths:2)
  2 ironheart preservers (Vaults:5)
  A vampire knight (Depths:2)
  An ice dragon (Depths:2)
  A shadow wraith (Vaults:1)
  A centaur zombie (D:15)
  2 bloated husks (Swamp:3)
  A shadow (Abyss:3)
  2 spriggans (Swamp:3)
  A briar patch (Swamp:4)
  14 foxfires
  46 fungi
  A lurking horror (Abyss:3)
  62 plants
  15 starspawn tentacles (Abyss:3)
  5 toadstools (Lair:2)
156 creatures vanquished.

Grand Total: 2364 creatures vanquished

Notes
Turn   | Place    | Note
-------+----------+-------------------------------------------
     0 | D:1      | Elvor the Gnoll Warper began the quest for the Orb.
     0 | D:1      | Reached XP level 1. HP: 20/20 MP: 6/6
   149 | D:1      | Reached XP level 2. HP: 17/26 MP: 7/7
   152 | D:1      | Learned a level 2 spell: Blink
   551 | D:1      | Reached XP level 3. HP: 27/31 MP: 9/9
   622 | D:1      | Reached skill level 5 in Spellcasting
  1097 | D:2      | Reached skill level 1 in Invocations
  1107 | D:2      | Reached skill level 1 in Short Blades
  1107 | D:2      | Reached skill level 1 in Long Blades
  1107 | D:2      | Reached skill level 1 in Axes
  1107 | D:2      | Reached skill level 1 in Polearms
  1107 | D:2      | Reached skill level 1 in Staves
  1107 | D:2      | Reached skill level 1 in Slings
  1107 | D:2      | Reached skill level 1 in Bows
  1107 | D:2      | Reached skill level 1 in Crossbows
  1107 | D:2      | Reached skill level 1 in Stealth
  1107 | D:2      | Reached skill level 1 in Shields
  1107 | D:2      | Reached skill level 1 in Unarmed Combat
  1107 | D:2      | Reached skill level 1 in Evocations
  1360 | D:2      | Reached XP level 4. HP: 38/38 MP: 11/11
  1640 | D:2      | Learned a level 4 spell: Passage of Golubria
  1717 | D:2      | Found an ancient bone altar of Kikubaaqudgha.
  1735 | D:2      | Reached skill level 1 in Conjurations
  1735 | D:2      | Reached skill level 1 in Hexes
  1735 | D:2      | Reached skill level 1 in Summonings
  1735 | D:2      | Reached skill level 1 in Necromancy
  1735 | D:2      | Reached skill level 1 in Transmutations
  1735 | D:2      | Reached skill level 1 in Fire Magic
  1735 | D:2      | Reached skill level 1 in Ice Magic
  1735 | D:2      | Reached skill level 1 in Air Magic
  1735 | D:2      | Reached skill level 1 in Earth Magic
  1735 | D:2      | Reached skill level 1 in Poison Magic
  1735 | D:2      | Reached XP level 5. HP: 43/43 MP: 12/12
  2334 | D:3      | Found a glowing golden altar of the Shining One.
  2461 | D:3      | Noticed Robin
  2553 | D:3      | Reached XP level 6. HP: 47/50 MP: 13/13
  2558 | D:3      | Killed Robin
  2559 | D:3      | Reached skill level 2 in Invocations
  2571 | D:3      | Found an ornate altar of the Wu Jian Council.
  2767 | D:3      | Found a broken altar of Ashenzari.
  3115 | D:4      | Reached skill level 5 in Fighting
  3115 | D:4      | Reached skill level 5 in Maces & Flails
  3115 | D:4      | Reached skill level 5 in Dodging
  3180 | D:4      | Learned a level 4 spell: Petrify
  3269 | D:4      | Noticed Blork the orc
  3276 | D:4      | Killed Blork the orc
  3298 | D:4      | Reached XP level 7. HP: 56/56 MP: 15/15
  3358 | D:4      | Found a basalt altar of Yredelemnul.
  3614 | D:5      | Entered Level 5 of the Dungeon
  3749 | D:5      | Found a staircase to the Ecumenical Temple.
  3769 | Temple   | Entered the Ecumenical Temple
  3776 | Temple   | Reached skill level 3 in Invocations
  3854 | Temple   | Became a worshipper of Warmaster Okawaru
  3969 | D:5      | Reached XP level 8. HP: 40/63 MP: 16/16
  4243 | D:5      | Found a runed translucent door.
  4244 | D:5      | Noticed Crazy Yiuf
  4249 | D:5      | Killed Crazy Yiuf
  4644 | D:6      | Reached * piety under Okawaru
  4695 | D:6      | Found a burning altar of Makhleb.
  4952 | D:6      | Reached skill level 4 in Invocations
  4972 | D:6      | Learned a level 3 spell: Mephitic Cloud
  5111 | D:6      | Reached XP level 9. HP: 69/69 MP: 18/18
  5529 | D:7      | Found a transporter.
  5533 | D:7      | Noticed a troll
  5533 | D:7      | Noticed a moth of wrath
  5534 | D:7      | Found a bloodstained altar of Trog.
  5535 | D:7      | Noticed ymhsbmbesitwf's ghost (novice GnWn)
  5663 | D:7      | Reached ** piety under Okawaru
  5670 | D:7      | Found a transporter.
  5902 | D:7      | Reached skill level 5 in Throwing
  5902 | D:7      | Reached skill level 5 in Armour
  5935 | D:7      | Reached skill level 5 in Invocations
  6057 | D:7      | Found Deriniubra's Magic Scroll Boutique.
  6073 | D:7      | Bought a scroll of magic mapping for 49 gold pieces
  6073 | D:7      | Bought a scroll of identify for 28 gold pieces
  6073 | D:7      | Bought a scroll of fear for 49 gold pieces
  6073 | D:7      | Bought a scroll of identify for 28 gold pieces
  6142 | D:8      | Noticed Prince Ribbit
  6151 | D:8      | Reached *** piety under Okawaru
  6181 | D:8      | Killed Prince Ribbit
  6182 | D:8      | Reached XP level 10. HP: 77/77 MP: 20/20
  6573 | D:8      | Found a staircase to the Lair.
  6597 | D:8      | Reached skill level 5 in Short Blades
  6597 | D:8      | Reached skill level 5 in Long Blades
  6597 | D:8      | Reached skill level 5 in Axes
  6597 | D:8      | Reached skill level 5 in Polearms
  6597 | D:8      | Reached skill level 5 in Staves
  6597 | D:8      | Reached skill level 5 in Slings
  6597 | D:8      | Reached skill level 5 in Bows
  6597 | D:8      | Reached skill level 5 in Crossbows
  6597 | D:8      | Reached skill level 5 in Stealth
  6597 | D:8      | Reached skill level 5 in Shields
  6597 | D:8      | Reached skill level 5 in Unarmed Combat
  6597 | D:8      | Reached skill level 5 in Evocations
  6657 | D:8      | Noticed a boulder beetle
  6667 | D:8      | Killed a boulder beetle
  6667 | D:8      | Reached **** piety under Okawaru
  6737 | D:8      | Noticed a deep troll
  6867 | D:8      | Killed a deep troll
  6867 | D:8      | Received a gift from Okawaru
  6974 | D:8      | Reached skill level 6 in Invocations
  7332 | D:8      | Noticed a fire dragon
  7349 | D:8      | HP: 2/79 [fire dragon (10)]
  7727 | D:8      | Found the +6 shillelagh "Devastator" {shatter}
  7987 | D:8      | Killed a fire dragon
  7987 | D:8      | Reached ***** piety under Okawaru
  7987 | D:8      | Received a gift from Okawaru
  7988 | D:8      | Reached XP level 11. HP: 54/84 MP: 22/22
  8117 | D:9      | Noticed Joseph
  8118 | D:9      | Reached skill level 5 in Conjurations
  8118 | D:9      | Reached skill level 5 in Hexes
  8118 | D:9      | Reached skill level 5 in Summonings
  8118 | D:9      | Reached skill level 5 in Necromancy
  8118 | D:9      | Reached skill level 5 in Transmutations
  8118 | D:9      | Reached skill level 5 in Fire Magic
  8118 | D:9      | Reached skill level 5 in Ice Magic
  8118 | D:9      | Reached skill level 5 in Air Magic
  8118 | D:9      | Reached skill level 5 in Earth Magic
  8118 | D:9      | Reached skill level 5 in Poison Magic
  8127 | D:9      | Killed Joseph
  8347 | D:9      | Found a transporter.
  8363 | D:9      | Identified the +8 quarterstaff of Flawed Execution
                  | {antimagic, rElec rF- Will+ Str+5}
  8363 | D:9      | Noticed a deep troll
  8364 | D:9      | Found a bloodstained altar of Trog.
  8366 | D:9      | Noticed kalodont's ghost (journeyman KoEn)
  8375 | D:9      | Found a transporter.
  8375 | D:9      | Noticed a two-headed ogre
  8384 | D:9      | Received a gift from Okawaru
  8440 | D:9      | Found a hazy altar of Hepliaklqana.
  8539 | D:9      | Noticed a moth of wrath
  8541 | D:9      | Noticed a cyclops
  8826 | D:10     | Entered Level 10 of the Dungeon
  9051 | D:10     | Found a runed translucent gate.
  9070 | D:10     | Found a runed translucent gate.
  9070 | D:10     | Found a runed translucent gate.
  9074 | D:10     | Found an opulent altar of Gozag.
  9074 | D:10     | Found Qeakohoi's Assorted Antiques.
  9076 | D:10     | Noticed Shavain's ghost (journeyman VSCj)
  9077 | D:10     | Noticed a centaur warrior
  9187 | D:10     | Reached skill level 7 in Invocations
  9697 | D:11     | Found a staircase to the Orcish Mines.
  9901 | D:11     | Noticed a manticore
  9916 | D:11     | Killed a manticore
 10140 | D:11     | Killed an unseen horror
 10141 | D:11     | Reached XP level 12. HP: 89/94 MP: 24/24
 10692 | D:7      | Killed ymhsbmbesitwf's ghost
 10791 | D:9      | Received a gift from Okawaru
 10971 | D:9      | Killed kalodont's ghost
 10972 | D:9      | Reached skill level 8 in Invocations
 11075 | D:9      | Killed a two-headed ogre
 11240 | D:10     | Killed Shavain's ghost
 11244 | D:10     | Killed a centaur warrior
 11290 | D:10     | Bought 2 scrolls labelled COGAEG EG UWE SEE for 66 gold
                  | pieces
 11290 | D:10     | Bought a potion of curing for 99 gold pieces
 11501 | Lair:1   | Entered Level 1 of the Lair of Beasts
 11543 | Lair:1   | Learned a level 1 spell: Apportation
 11737 | Lair:1   | You fall into a shaft and drop 1 floor!
 11738 | Lair:2   | Noticed a death yak
 11739 | Lair:2   | Noticed Gastronok
 11741 | Lair:2   | Noticed Nergalle
 11754 | Lair:2   | Killed a death yak
 11756 | Lair:2   | Noticed an eight-headed hydra
 11793 | Lair:2   | Killed an eight-headed hydra
 11798 | Lair:2   | Reached XP level 13. HP: 68/101 MP: 21/26
 11830 | Lair:2   | Killed Nergalle
 11886 | Lair:2   | Found a staircase to the Swamp.
 12027 | Lair:2   | Killed Gastronok
 12027 | Lair:2   | Received a gift from Okawaru
 12134 | Lair:2   | Received a gift from Okawaru
 12152 | Lair:2   | Received a gift from Okawaru
 12200 | Lair:2   | Noticed a dire elephant
 12221 | Lair:2   | Found a runed translucent door.
 12272 | Lair:2   | Noticed Harold
 12278 | Lair:2   | Reached skill level 9 in Invocations
 12292 | Lair:2   | Killed Harold
 12337 | Lair:2   | Noticed Maggie
 12347 | Lair:2   | Killed Maggie
 12684 | Lair:2   | Killed a dire elephant
 12700 | Lair:2   | Identified the Compendium of Torrid Calling
 12980 | Lair:3   | Found a hole to the Spider Nest.
 13295 | Lair:3   | Noticed Fannar
 13308 | Lair:3   | Killed Fannar
 13309 | Lair:3   | Reached skill level 10 in Spellcasting
 13739 | Lair:4   | Received a gift from Okawaru
 13750 | Lair:4   | Reached XP level 14. HP: 76/109 MP: 28/28
 13753 | Lair:4   | Reached skill level 10 in Fighting
 13753 | Lair:4   | Reached skill level 10 in Maces & Flails
 13753 | Lair:4   | Reached skill level 10 in Dodging
 13755 | Lair:4   | Received a gift from Okawaru
 14223 | Lair:4   | Learned a level 5 spell: Bolt of Magma
 14243 | Lair:5   | Found a gate leading to a gauntlet.
 14253 | Gauntlet | Entered a Gauntlet
 14253 | Gauntlet | Found a transporter.
 14253 | Gauntlet | Found a transporter.
 14254 | Gauntlet | Found a transporter.
 14254 | Gauntlet | Found a transporter.
 14257 | Gauntlet | Found a transporter.
 14257 | Gauntlet | Found a transporter.
 14259 | Gauntlet | Found a large runed translucent door.
 14260 | Gauntlet | Found a large runed translucent door.
 14261 | Gauntlet | Found a large runed translucent door.
 14261 | Gauntlet | Found a large runed translucent door.
 14261 | Gauntlet | Found a runed translucent door.
 14261 | Gauntlet | Found a runed translucent door.
 14262 | Gauntlet | Found a large runed translucent door.
 14263 | Gauntlet | Found a large runed translucent door.
 14264 | Gauntlet | Found a large runed translucent door.
 14264 | Gauntlet | Found a large runed translucent door.
 14265 | Gauntlet | Found a runed translucent gate.
 14265 | Gauntlet | Found a runed translucent gate.
 14265 | Gauntlet | Found a runed translucent gate.
 14267 | Gauntlet | Found a transporter.
 14271 | Gauntlet | Found a transporter.
 14283 | Gauntlet | Found a transporter.
 14314 | Gauntlet | Found a large runed translucent door.
 14314 | Gauntlet | Found a large runed translucent door.
 14315 | Gauntlet | Found a large runed translucent door.
 14316 | Gauntlet | Found a large runed translucent door.
 14317 | Gauntlet | Found a large runed translucent door.
 14317 | Gauntlet | Found a large runed translucent door.
 14318 | Gauntlet | Found a large runed translucent door.
 14319 | Gauntlet | Found a large runed translucent door.
 14384 | Gauntlet | Found a transporter.
 14388 | Gauntlet | Found a transporter.
 14398 | Gauntlet | Found a transporter.
 14399 | Gauntlet | Found the +2 ratskin cloak {*Rats rPois rN+ Str-1 Int-1
                  | Dex+1}
 14539 | Gauntlet | Got a polished cloak
 14557 | Gauntlet | Identified the +2 cloak of the Carpenter {rC+} (You found
                  | it in a Gauntlet)
 14588 | Gauntlet | Got a jewelled chain mail
 14594 | Gauntlet | Got a spiked cloak
 14605 | Gauntlet | Identified the cursed +1 chain mail "Quqy Wea" {rC+ Will-
                  | Regen+ Dex+4} (You found it in a Gauntlet)
 14626 | Gauntlet | Identified the cursed +0 cloak of Tulips {*Contam rPois
                  | rC+++ rN+} (You found it in a Gauntlet)
 14652 | Gauntlet | Reached skill level 10 in Invocations
 14742 | Gauntlet | Got a masterwork falchion
 14763 | Gauntlet | Identified the +7 falchion of Responsibility {flame, rPois
                  | Str+5 Dex-3 Stlth-} (You found it in a Gauntlet)
 14843 | Lair:5   | Found a dark tunnel.
 14853 | Volcano  | Entered a volcano
 15123 | Volcano  | Found a burning altar of Makhleb.
 15641 | Lair:5   | Received a gift from Okawaru
 15891 | Lair:5   | Received a gift from Okawaru
 16393 | Lair:5   | Reached skill level 10 in Throwing
 16393 | Lair:5   | Reached skill level 10 in Armour
 16393 | Lair:5   | Reached XP level 15. HP: 117/117 MP: 29/29
 16394 | Lair:5   | Reached skill level 10 in Short Blades
 16394 | Lair:5   | Reached skill level 10 in Long Blades
 16394 | Lair:5   | Reached skill level 10 in Axes
 16394 | Lair:5   | Reached skill level 10 in Polearms
 16394 | Lair:5   | Reached skill level 10 in Staves
 16394 | Lair:5   | Reached skill level 10 in Slings
 16394 | Lair:5   | Reached skill level 10 in Bows
 16394 | Lair:5   | Reached skill level 10 in Crossbows
 16394 | Lair:5   | Reached skill level 10 in Stealth
 16394 | Lair:5   | Reached skill level 10 in Shields
 16394 | Lair:5   | Reached skill level 10 in Unarmed Combat
 16394 | Lair:5   | Reached skill level 10 in Translocations
 16394 | Lair:5   | Reached skill level 10 in Evocations
 16394 | Lair:5   | Reached XP level 16. HP: 124/124 MP: 31/31
 16421 | Lair:6   | Entered Level 6 of the Lair of Beasts
 16432 | Lair:6   | Received a gift from Okawaru
 16567 | Lair:6   | Reached skill level 11 in Invocations
 16730 | Lair:6   | Reached XP level 17. HP: 111/131 MP: 32/32
 16897 | Lair:6   | Found a viscous altar of Jiyva.
 16899 | Lair:6   | Found a staircase to the Slime Pits.
 16922 | Lair:6   | Received a gift from Okawaru
 16953 | Lair:6   | Got a fading scale mail
 16981 | Lair:6   | Identified the +2 scale mail "Joyfrun" {-Cast rElec rF+
                  | Dex+6} (You found it on level 6 of the Lair of Beasts)
 18416 | Orc:1    | Entered Level 1 of the Orcish Mines
 18708 | Orc:2    | Entered Level 2 of the Orcish Mines
 18883 | Orc:2    | Found a staircase to the Elven Halls.
 19062 | Orc:2    | Received a gift from Okawaru
 19152 | Orc:2    | Found Icwagucs's Magic Scroll Shop.
 19152 | Orc:2    | Found Hobaer's Antique Armour Emporium.
 19154 | Orc:2    | Found Xiqovum's Magic Scroll Shoppe.
 19156 | Orc:2    | Found Ybio's Assorted Antiques.
 19253 | Orc:2    | Found a roughly hewn altar of Beogh.
 19448 | Orc:2    | Bought a scroll of fog for 62 gold pieces
 19448 | Orc:2    | Bought a twitching turquoise ring for 155 gold pieces
 19450 | Orc:2    | Bought a scroll of identify for 30 gold pieces
 19450 | Orc:2    | Bought a scroll of identify for 30 gold pieces
 19450 | Orc:2    | Bought a scroll of identify for 30 gold pieces
 19451 | Orc:2    | Bought a scroll of teleportation for 45 gold pieces
 19451 | Orc:2    | Bought 2 scrolls of noise for 30 gold pieces
 19451 | Orc:2    | Bought a scroll of teleportation for 45 gold pieces
 19451 | Orc:2    | Bought a scroll of blinking for 112 gold pieces
 19455 | Orc:2    | Bought a scroll of fog for 24 gold pieces
 19455 | Orc:2    | Bought a scroll of teleportation for 36 gold pieces
 19455 | Orc:2    | Bought a scroll of fog for 24 gold pieces
 19455 | Orc:2    | Bought a scroll of identify for 24 gold pieces
 19455 | Orc:2    | Bought a scroll of identify for 24 gold pieces
 19455 | Orc:2    | Bought a scroll of fog for 24 gold pieces
 19455 | Orc:2    | Bought a scroll of fog for 24 gold pieces
 19455 | Orc:2    | Bought a scroll of magic mapping for 42 gold pieces
 19458 | Orc:2    | Bought a masterwork leather armour for 224 gold pieces
 19458 | Orc:2    | Identified the ring "Ischom" {Wiz rElec rF++ Str-2 Int+4}
                  | (You bought it in a shop on level 2 of the Orcish Mines)
 19463 | Orc:2    | Identified the +1 leather armour of Ollekyda {Will+} (You
                  | bought it in a shop on level 2 of the Orcish Mines)
 19567 | D:11     | Gained mutation: Scrolls take you a little longer to read.
                  | [mutagenic glow]
 19629 | D:12     | Learned a level 2 spell: Swiftness
 19660 | D:11     | Learned a level 5 spell: Lightning Bolt
 19700 | D:12     | Noticed Sonja
 19714 | D:12     | Killed Sonja
 19750 | D:12     | Noticed krabocopter's ghost (journeyman VSFi)
 19916 | D:12     | Got a fine glass ring
 19919 | D:12     | Identified the ring of Lugonu's Reproof {rF+ SInv} (You
                  | found it on level 12 of the Dungeon)
 20124 | D:12     | Found a runed translucent gate.
 20124 | D:12     | Found a runed translucent gate.
 20173 | D:12     | Found a runed translucent gate.
 20224 | D:12     | Killed krabocopter's ghost
 20266 | D:13     | Noticed Josephine
 20278 | D:13     | Killed Josephine
 20292 | D:13     | Received a gift from Okawaru
 20374 | D:13     | Noticed Frances
 20389 | D:13     | Killed Frances
 20787 | D:13     | Found a gate to the Vaults.
 20863 | D:13     | Found Leriupag's General Store.
 20921 | D:13     | Noticed Snorg
 20928 | D:13     | Learned a level 5 spell: Fireball
 20935 | D:13     | Killed Snorg
 21008 | D:13     | Found Agreuczo's Distillery.
 21021 | D:13     | Found a hazy altar of Hepliaklqana.
 21081 | D:13     | Bought a potion of magic for 112 gold pieces
 21081 | D:13     | Bought a potion of heal wounds for 70 gold pieces
 21081 | D:13     | Bought a potion of heal wounds for 70 gold pieces
 21081 | D:13     | Bought a potion of heal wounds for 70 gold pieces
 21342 | D:14     | Reached skill level 12 in Invocations
 21385 | D:14     | You are sucked into a shaft and drop 1 floor!
 21385 | D:15     | Entered Level 15 of the Dungeon
 21398 | D:15     | Reached XP level 18. HP: 118/140 MP: 34/34
 21446 | D:15     | Got an ancient flail
 21898 | D:15     | Received a gift from Okawaru
 21929 | D:15     | Paralysed by a floating eye for 2 turns
 21964 | D:15     | Identified the +3 flail of Demonkind {speed, Dex+9} (You
                  | found it on level 15 of the Dungeon)
 21968 | D:15     | Got an iridescent dagger
 22035 | D:15     | Identified the +11 dagger of Success {flame, rC- Str+4
                  | Dex+5 SInv} (You found it on level 15 of the Dungeon)
 22054 | D:15     | Received a gift from Okawaru
 22120 | D:15     | Reached ****** piety under Okawaru
 22120 | D:15     | Received a gift from Okawaru
 22122 | D:15     | Got a pair of masterwork boots {god gift}
 22133 | D:15     | Identified the +0 pair of boots "Zuuw Kum" {rC+} (Okawaru
                  | gifted it to you on level 15 of the Dungeon)
 22284 | D:15     | Found a staircase to the Depths.
 22337 | D:15     | Noticed Azrael
 22358 | D:15     | Killed Azrael
 22403 | D:15     | Found Reriv Maona's Book Shoppe.
 22403 | D:15     | Found a transporter.
 22463 | D:15     | Got a glittering glass ring
 22510 | D:15     | Found Qihyciji's Antique Weapon Shop.
 22558 | D:15     | Found a transporter.
 22587 | D:15     | Found Niomi's Antique Armour Boutique.
 22604 | D:15     | Identified the ring of Vokkeob {+Blink rElec Dex+6} (You
                  | found it on level 15 of the Dungeon)
 22643 | D:15     | Identified the ring "Kueh" {rC+ MP+9 Str+6 Int-3 Dex+5}
 22643 | D:15     | Noticed Kirke
 22657 | D:15     | Killed Kirke
 22708 | D:15     | Reached skill level 10 in Conjurations
 22708 | D:15     | Reached skill level 10 in Hexes
 22708 | D:15     | Reached skill level 10 in Summonings
 22708 | D:15     | Reached skill level 10 in Necromancy
 22708 | D:15     | Reached skill level 10 in Transmutations
 22708 | D:15     | Reached skill level 10 in Fire Magic
 22708 | D:15     | Reached skill level 10 in Ice Magic
 22708 | D:15     | Reached skill level 10 in Air Magic
 22708 | D:15     | Reached skill level 10 in Earth Magic
 22708 | D:15     | Reached skill level 10 in Poison Magic
 22988 | D:15     | Got a sparkling platinum ring
 23063 | D:15     | Got a masterwork scale mail
 23077 | D:15     | Got a transparent falchion
 23079 | D:15     | Bought a book of Geomancy for 525 gold pieces
 23081 | D:15     | Learned a level 1 spell: Sandblast
 23084 | D:15     | Learned a level 2 spell: Passwall
 23088 | D:15     | Learned a level 3 spell: Stone Arrow
 23094 | D:15     | Learned a level 5 spell: Lee's Rapid Deconstruction
 23164 | D:15     | Identified the +4 falchion "Meugecza" {venom, rC+ Dex+5}
                  | (You found it on level 15 of the Dungeon)
 23265 | D:11     | Identified the cursed +1 scale mail of the Wasteland {+Fly
                  | rPois Int-4 Slay+5} (You found it on level 15 of the
                  | Dungeon)
 23315 | D:11     | Identified the ring "Netseiwn" {Ice Will++ Int-4 Dex+2
                  | Stlth+} (You found it on level 15 of the Dungeon)
 23502 | Swamp:1  | Entered Level 1 of the Swamp
 24787 | Swamp:2  | Received a gift from Okawaru
 25301 | Swamp:3  | Reached XP level 19. HP: 148/148 MP: 35/35
 25570 | Swamp:3  | Reached skill level 13 in Invocations
 26089 | Swamp:3  | Identified the +6 hunting sling of the Destroying Tiger
                  | {speed, Dex+2} (You found it on level 3 of the Swamp)
 26160 | Swamp:4  | Entered Level 4 of the Swamp
 26164 | Swamp:4  | Received a gift from Okawaru
 27362 | Swamp:4  | Got a decaying rune of Zot
 27786 | D:15     | Bought a pair of heavily runed boots for 370 gold pieces
 27796 | D:15     | Identified the cursed +0 pair of boots of Iboyski {Str+4
                  | Slay+3} (You bought it in a shop on level 15 of the
                  | Dungeon)
 28119 | Spider:1 | Entered Level 1 of the Spider Nest
 28904 | Spider:2 | Reached XP level 20. HP: 150/156 MP: 37/37
 29655 | Spider:3 | Received a gift from Okawaru
 30363 | Spider:4 | Entered Level 4 of the Spider Nest
 30372 | Spider:4 | Received a gift from Okawaru
 30587 | Spider:4 | Got a crude helmet
 30617 | Spider:3 | Identified the +0 helmet of Panentheism {rC+ Int+4} (You
                  | found it on level 4 of the Spider Nest)
 31102 | Spider:4 | Got a shimmering battleaxe
 31114 | Spider:4 | Identified the cursed +3 battleaxe of Jett {vorpal, Dex+3}
                  | (You found it on level 4 of the Spider Nest)
 31471 | Spider:4 | Received a gift from Okawaru
 31547 | Spider:4 | Reached skill level 14 in Invocations
 32075 | Spider:4 | Received a gift from Okawaru
 32319 | Spider:4 | Got a gossamer rune of Zot
 32332 | Spider:4 | 4
 32843 | Vaults:1 | Entered Level 1 of the Vaults
 33361 | Vaults:1 | Received a gift from Okawaru
 33362 | Vaults:1 | Reached XP level 21. HP: 163/164 MP: 39/39
 33517 | Vaults:1 | Received a gift from Okawaru
 34148 | Vaults:1 | Noticed Aizul
 34164 | Vaults:1 | Received a gift from Okawaru
 34175 | Vaults:1 | Killed Aizul
 35338 | Vaults:2 | Found Duycuxzi's Weapon Shoppe.
 35611 | Vaults:2 | Received a gift from Okawaru
 35801 | Vaults:2 | Identified the +5 scale mail of Pinod {Dex+6}
 35917 | Vaults:2 | Reached skill level 15 in Invocations
 35992 | Vaults:2 | Reached XP level 22. HP: 38/173 MP: 16/40
 36597 | Vaults:3 | Received a gift from Okawaru
 37193 | Vaults:3 | Found a staircase to the Crypt.
 37409 | Vaults:3 | Received a gift from Okawaru
 37411 | Vaults:3 | Reached skill level 15 in Spellcasting
 37678 | Vaults:4 | Found Qisaomann's Book Shop.
 37758 | Vaults:2 | Received a gift from Okawaru
 37933 | D:15     | Bought a book of the Earth for 975 gold pieces
 37943 | D:15     | Learned a level 9 spell: Shatter
 38197 | Vaults:4 | Received a gift from Okawaru
 38204 | Vaults:4 | Got a fading plate armour {god gift}
 38207 | Vaults:4 | Identified the +8 plate armour of Lilacs {*Slow Regen+
                  | Dex-4 SInv} (Okawaru gifted it to you on level 4 of the
                  | Vaults)
 38244 | Vaults:4 | Reached skill level 15 in Fighting
 38244 | Vaults:4 | Reached skill level 15 in Maces & Flails
 38244 | Vaults:4 | Reached skill level 15 in Dodging
 38893 | Vaults:4 | Reached XP level 23. HP: 102/181 MP: 36/42
 39409 | Vaults:4 | Received a gift from Okawaru
 39432 | Vaults:4 | Found a portal to a secret trove of treasure.
 39588 | Vaults:5 | Entered Level 5 of the Vaults
 39730 | Vaults:4 | Received a gift from Okawaru
 39931 | Vaults:4 | Reached skill level 15 in Throwing
 39931 | Vaults:4 | Reached skill level 15 in Armour
 40204 | Vaults:5 | Reached skill level 16 in Invocations
 40511 | Vaults:5 | Noticed an ancient lich
 40604 | Vaults:5 | Received a gift from Okawaru
 40659 | Vaults:5 | Identified a +0 pair of boots of running (Okawaru gifted it
                  | to you on level 5 of the Vaults)
 40778 | Vaults:5 | Noticed a golden dragon
 40842 | Vaults:5 | Reached skill level 15 in Short Blades
 40842 | Vaults:5 | Reached skill level 15 in Long Blades
 40842 | Vaults:5 | Reached skill level 15 in Axes
 40842 | Vaults:5 | Reached skill level 15 in Polearms
 40842 | Vaults:5 | Reached skill level 15 in Staves
 40842 | Vaults:5 | Reached skill level 15 in Slings
 40842 | Vaults:5 | Reached skill level 15 in Bows
 40842 | Vaults:5 | Reached skill level 15 in Crossbows
 40842 | Vaults:5 | Reached skill level 15 in Stealth
 40842 | Vaults:5 | Reached skill level 15 in Shields
 40842 | Vaults:5 | Reached skill level 15 in Unarmed Combat
 40842 | Vaults:5 | Reached skill level 15 in Evocations
 40953 | Vaults:5 | Identified the cursed +1 morningstar "Buruweem" {protect,
                  | +Rage Str+2 Stlth-}
 40963 | Vaults:5 | Identified the +0 robe of Huock {rElec rC+}
 41009 | Vaults:5 | Noticed a golden dragon
 41263 | Elf:1    | Entered Level 1 of the Elven Halls
 41678 | Elf:1    | Reached XP level 24. HP: 181/189 MP: 42/42
 41684 | Elf:1    | Got a bloodstained leather armour
 41690 | Elf:1    | Identified the +1 leather armour of the Lizard {rElec} (You
                  | found it on level 1 of the Elven Halls)
 42352 | Elf:2    | Received a gift from Okawaru
 42545 | Elf:2    | Found a shimmering blue altar of Sif Muna.
 42579 | Elf:2    | Received a gift from Okawaru
 42600 | Elf:2    | Got a steaming jade ring
 42603 | Elf:2    | Identified the ring "Soxothru" {+Fly Slay+3} (You found it
                  | on level 2 of the Elven Halls)
 42662 | Elf:2    | Found Wieliaho's Weapon Shoppe.
 42667 | Elf:2    | Found a runed translucent gate.
 42667 | Elf:2    | Found a runed translucent gate.
 42667 | Elf:2    | Found a runed translucent gate.
 42866 | Elf:2    | Received a gift from Okawaru
 43119 | Elf:3    | Entered Level 3 of the Elven Halls
 43126 | Elf:3    | Received a gift from Okawaru
 43151 | Elf:3    | Identified Roxanne's Collected Works on Earth
 43151 | Elf:3    | Noticed Roxanne
 43156 | Elf:3    | Killed Roxanne
 43241 | Elf:3    | Found a gateway to a bazaar.
 43251 | Bazaar   | Entered a bazaar
 43251 | Bazaar   | Found Ufashen's Distillery.
 43251 | Bazaar   | Found Otittuel's Jewellery Emporium.
 43271 | Bazaar   | Found Dof Jous's Antique Weapon Boutique.
 43282 | Bazaar   | Found Kaefronorch's Antique Armour Shoppe.
 43290 | Bazaar   | Found Hedaklei's General Store.
 43298 | Bazaar   | Bought a scroll of identify for 26 gold pieces
 43320 | Bazaar   | Bought a translucent scale mail for 171 gold pieces
 43322 | Bazaar   | Identified the +3 scale mail of Telyjyw {Rampage Will+
                  | Stlth+} (You bought it in a shop in a bazaar)
 43344 | Bazaar   | Bought a potion of cancellation for 88 gold pieces
 43344 | Bazaar   | Bought a potion of haste for 110 gold pieces
 43344 | Bazaar   | Bought a potion of curing for 33 gold pieces
 43344 | Bazaar   | Bought a potion of heal wounds for 55 gold pieces
 43344 | Bazaar   | Bought a potion of curing for 33 gold pieces
 43344 | Bazaar   | Bought a potion of curing for 33 gold pieces
 43382 | Bazaar   | Bought a wizard robe for 108 gold pieces
 43384 | Bazaar   | Identified the +2 robe of the Moon {MP+9} (You bought it in
                  | a shop in a bazaar)
 43417 | Elf:3    | Received a gift from Okawaru
 43458 | Elf:3    | Found Oxigrufeu's Gadget Emporium.
 43583 | Elf:3    | Found Jalorofu's Assorted Antiques.
 43640 | Elf:3    | Found Naik's Assorted Antiques.
 43817 | Elf:3    | Received a gift from Okawaru
 43987 | Elf:3    | Identified the +0 morningstar "Dragonbane" {drain, Fragile
                  | +Blink Str+9 SInv}
 43988 | Elf:3    | Identified the +4 battleaxe "Hanongac" {vorpal, Int+2}
 43988 | Elf:3    | Identified the cursed +1 robe "Owakk" {rF+}
 44193 | Elf:3    | Received a gift from Okawaru
 44193 | Elf:3    | Identified the +4 hand axe of Wyrd {vorpal, Str-5 Int+4
                  | Dex+4}
 44228 | Elf:3    | Identified the cursed +1 falchion of Joyful Slaughter
                  | {flame, rF+ rN+ Stlth+}
 44237 | Elf:3    | Reached XP level 25. HP: 197/197 MP: 33/43
 44287 | Elf:3    | Reached skill level 17 in Invocations
 44290 | Elf:3    | Found the +4 dagger "Morg" {pain, Will+ Int+5}
 44294 | Elf:3    | Identified the Papyrus of Execration and the Snowflakes
 44300 | Elf:3    | Identified the Papyrus of Conjuration and Hexes
 44855 | Elf:3    | Got an encrusted arbalest
 44858 | Elf:3    | Got a jewelled shortbow
 44913 | Elf:3    | Got a transparent plate armour
 44983 | Elf:3    | Identified the +9 arbalest of Gupidyfo {freeze, MP+9} (You
                  | found it on level 3 of the Elven Halls)
 45186 | D:11     | Identified the +1 shortbow of Oozing Pus {freeze, *Drain
                  | rN+ Str+5 SInv} (You found it on level 3 of the Elven
                  | Halls)
 45188 | D:11     | Identified the cursed +0 plate armour of Bedevilment {rC+}
                  | (You found it on level 3 of the Elven Halls)
 45232 | D:11     | Learned a level 6 spell: Iron Shot
 45241 | D:11     | Learned a level 6 spell: Statue Form
 45363 | Depths:1 | Entered Level 1 of the Depths
 45612 | Depths:1 | Paralysed by something for 5 turns
 45818 | Depths:1 | Found a gateway to Hell.
 46128 | Depths:1 | Received a gift from Okawaru
 46294 | Depths:1 | Found the +8 frozen axe "Frostbite" {freezing cloud, *Noise
                  | +Fly rC+}
 46316 | Depths:1 | Noticed Asterion
 46331 | Depths:1 | Killed Asterion
 46629 | Depths:1 | Found a one-way gate to the infinite horrors of the Abyss.
 46629 | Depths:1 | Noticed Nikola
 46637 | Depths:1 | Killed Nikola
 46945 | Depths:2 | Received a gift from Okawaru
 47339 | Depths:2 | Cast into level 3 of the Abyss (a deep elf sorcerer)
 47624 | Abyss:3  | Identified a scroll of acquirement
 47805 | Abyss:3  | Gained mutation: Your magical capacity is low. (-10% MP) [a
                  | cacodemon]
 48057 | Abyss:3  | Reached XP level 26. HP: 207/207 MP: 39/39
 48211 | Abyss:3  | Received a gift from Okawaru
 48259 | Abyss:3  | Acquired the +0 kite shield of the End {rC++ Regen+ Int-2
                  | SInv}
 48444 | Abyss:3  | Reached skill level 15 in Translocations
 48482 | Abyss:3  | Gained mutation: Your magical capacity is very low. (-20%
                  | MP) [a cacodemon]
 48566 | Abyss:3  | Gained mutation: You tend to lose your temper in combat. [a
                  | neqoxec]
 48577 | Abyss:3  | Gained mutation: Your body sometimes deteriorates upon
                  | taking damage. [a neqoxec]
 48718 | Abyss:3  | Found a corrupted altar of Lugonu.
 48720 | Abyss:3  | Got an abyssal rune of Zot
 48816 | Depths:2 | Escaped the Abyss
 49270 | Depths:2 | Found Kossad's Gadget Emporium.
 49270 | Depths:2 | Found Tiladiop's Jewellery Boutique.
 49271 | Depths:2 | Found Cankamm's Jewellery Boutique.
 50153 | Depths:3 | Found a runed translucent gate.
 50153 | Depths:3 | Found a runed translucent gate.
 50153 | Depths:3 | Found a runed translucent gate.
 50154 | Depths:3 | Found the +2 Maxwell's thermic engine {flame, freeze}
 50154 | Depths:3 | Found a runed translucent gate.
 50154 | Depths:3 | Found a runed translucent gate.
 50154 | Depths:3 | Found a runed translucent gate.
 50158 | Depths:3 | Reached skill level 18 in Invocations
 50162 | Depths:3 | Received a gift from Okawaru
 50187 | Depths:3 | HP: 4/208 [sun demon (22)]
 50187 | Depths:3 | Slain by a sun demon

Illustrated notes

#.....#≈≈≈≈≈≈#≈≈≈≈≈≈.#........#
#......†^^.≈≈≈≈≈≈≈≈≈.....^.≈≈≈#
#.....########≈≈≈########.≈#≈≈#
#....##...≈≈≈#≈≈†#≈≈≈...#.≈≈†^#
#.....#[#..≈≈≈≈≈≈≈≈≈....#≈≈≈≈.#
#≈.#..#.....≈≈≈.≈#†...#.#≈≈≈(##
#≈≈...#...†^≈#..≈≈#^^..^#≈≈...#
#≈≈≈..#...###########...##≈..^#
#≈#≈..##..#....@....#...#≈†.†.#
#.≈≈..#...#.#######.#...#≈....#
#.≈≈.##...#........^#...#≈.#..#
#.≈≈≈.#...#.........##..#..^..#
#..≈≈≈#..##....^....#...#.....#
#..≈≈≈#...#.........#..^#.(..≈#
#.#≈≈≈#...#^..†.....#...#..#^≈#
#^..≈≈#)(.#.^....(†.#.^##.^.≈≈#
#...≈##...###'''''###...#..≈≈≈#


Turn 32332 on Spider:4: 4

Levels and vault maps discovered:
D:1:      shiori_arrival_elements, layout_loops_corners,
          minmay_misc_feat_enclosed
D:2:      layout_basic, kennysheep_vampire_church
D:3:      layout_basic, lemuel_round_altar, tso_oasis_becter,
          evilmike_ruin_ashenzari, uniq_robin
D:4:      layout_basic, old_standard_altar, uniq_blork_the_orc
D:5:      layout_loops_ring, minmay_temple_entry_glass, uniq_crazy_yiuf_cottage
D:6:      layout_loops_cross, general_overflow_altar
D:7:      layout_loops_ring, gammafunk_ghost_wrathful_warriors, serial_shops,
          shop
D:8:      nzn_winding_woodlands_large [nzn_winding_woodlands_5x5_default,
          nzn_winding_woodlands_5x15_sawtooth,
          nzn_winding_woodlands_5x5_checkerboard,
          nzn_winding_woodlands_center_diamonds,
          nzn_winding_woodlands_15x15_eel_pit,
          nzn_winding_woodlands_center_triple_pond,
          nzn_winding_woodlands_5x5_closed_star,
          nzn_winding_woodlands_5x15_garden, nzn_winding_woodlands_5x5_cross],
          layout_basic, minmay_microvault, uniq_prince_ribbit1
D:9:      layout_cave_pods, lemuel_crystal_altar,
          gammafunk_ghost_wrathful_warriors, uniq_joseph
D:10:     layout_roguey, ebering_ghost_gozag
D:11:     layout_loops_ring, erik_orc_4, minmay_misc_feat_diagonals,
          billiards_dpeg
D:12:     layout_rooms, maelrawn_ghost_gauntlet_escape, uniq_sonja
D:13:     layout_irregular_city, grunt_vaults_entry_fortified, basic_altar,
          serial_shops, shop, shop, uniq_josephine, uniq_snorg, uniq_frances
D:14:     layout_rooms, hangedman_decor_slide_cut
D:15:     hangedman_spin_cycle
Temple:   regret_index_temple_waves
Lair:1:   layout_roguey, gammafunk_ghost_necromancy, lemuel_fruit_tree
Lair:2:   gammafunk_lair_enchanted_lake, layout_loops_ring, swamp_mist,
          uniq_gastronok, uniq_maggie, uniq_harold, uniq_nergalle
Lair:3:   layout_regular_city, dummy_spider_entry, uniq_fannar
Lair:4:   layout_long_grid, beast_lair_carwin_7
Lair:5:   layout_small_grid, special_room [special_room_bee], enter_volcano_3,
          gauntlet_entry_generic, serial_bayou_shore_a, grunt_megastairs_3,
          lemuel_fruit_fields
Lair:6:   evilmike_catoblepas_cave, layout_hall_layers, slime_altar_1,
          minmay_lair_oklob_chamber, lemuel_fruit_fields
Swamp:1:  layout_basic_swamp, evilmike_swamp_ruin_house_5,
          infiniplex_staircase_pool_2
Swamp:2:  layout_basic_swamp, evilmike_swamp_ruin_house_6, swamp_pool1
Swamp:3:  nicolae_swamp_phyte_club, layout_basic_swamp, hangedman_swamp_blocks,
          infiniplex_staircase_pool
Swamp:4:  swamp_basic_johnstein, layout_basic_swamp, swamp_pool1
Spider:1: layout_spider_delve, uniq_kirke
Spider:2: layout_spider_delve
Spider:3: layout_chambers
Spider:4: floodkiller_spider_rune_tomb
Orc:1:    layout_diamond_mine
Orc:2:    st_orc_rangers, layout_caves, basic_altar, nicolae_orc_bridge_out,
          nicolae_orc_sculptors_studio
Elf:1:    eino_elf_arrival_shootout, layout_geoelf_grid,
          hangedman_elven_crosses_minicolossus
Elf:2:    layout_rooms, serial_shops, shop_fountains, guppyfry_elf_altar
Elf:3:    minmay_elf_hall_x, layout_gridlike, serial_shops, freezing_bzr,
          nicolae_shop_overgrown_old_shop, shop,
          nicolae_shop_overgrown_old_shop, minmay_misc_feat_ornament,
          uniq_roxanne
Vaults:1: nicolae_vaults_windows_and_doors_thing,
          vaults_room_grunt_arrival_ludios, v_misc_17,
          nicolae_vaults_little_squares_6, vaults_mumra_hex, v_misc_18,
          grunt_vaults_twisty, nicolae_vaults_alarming, layout_vaults_quadrants,
          uniq_aizul
Vaults:2: st_greater_box_5, nicolae_vaults_little_squares_2,
          grunt_vaults_diagonal, v_misc_4, ontoclasm_vaults_bender, v_rooms_5,
          ontoclasm_vaults_ligature, ontoclasm_vaults_idyll,
          layout_vaults_omnicross, serial_shops, shop
Vaults:3: vaults_mumra_minichess_inversion, st_diamondy, v_misc_1,
          ontoclasm_vaults_ring_square, serial_ice_b,
          vaults_room_stairs_pillars, minmay_crypt_entry_simple_box, v_misc_27,
          vaults_room_stairs_pillars, nicolae_vaults_sealed_display,
          ontoclasm_vaults_ring_large, nicolae_vaults_border_crossing,
          hangedman_vaults_snaps, layout_vaults_omnibox
Vaults:4: nicolae_vaults_rhombus_7, v_misc_27, ontoclasm_vaults_shout,
          nicolae_vaults_little_squares_6, nicolae_vaults_theta, v_rooms_1,
          vaults_mumra_hexcomb, nicolae_vaults_angled_halls, v_misc_24,
          dpeg_vaults_monster_row, hangedman_vaults_trim, nicolae_vaults_theta,
          hangedman_vaults_corner, grunt_vaults_hallway_long,
          vaults_room_door_ring, ontoclasm_vaults_pinch, layout_vaults_maze,
          serial_shops, nicolae_shop_waterfront, enter_trove_2
Vaults:5: uniq_margery
Depths:1: layout_small_grid, hangedman_coc_ice_floe, abyss_entry,
          hangedman_decor_diamond_cutter, minmay_multi_spiral, uniq_asterion,
          uniq_nikola
Depths:2: kennysheep_four_of_diamonds, layout_basic, minmay_misc_feat_cross,
          hellmouth_1, interstate_on_off, chequers_serial_rivers_large_a,
          lemuel_flamethrower_hall, infiniplex_staircase_squiggle,
          minmay_shop_grove
Depths:3: minmay_the_grid_triangle_9x9_recursive_3
          [minmay_the_grid_triangle_9x9_from_above,
          minmay_the_grid_triangle_9x9_fully_insulated_deathbox,
          minmay_the_grid_triangle_9x9_shrine,
          minmay_the_grid_triangle_9x9_prize_top_heavy,
          minmay_the_grid_triangle_9x9_sparse_checkered,
          minmay_the_grid_triangle_9x9_minimal,
          minmay_the_grid_triangle_9x9_windchime,
          minmay_the_grid_triangle_9x9_alien,
          minmay_the_grid_triangle_9x9_semitri], layout_gridlike,
          enter_ziggurat_b, grunt_metal_band, rand_demon_pan_entry_5,
          tso_metal_star, hangedman_abyss_or_decor_passed,
          nicolae_elemental_shop, brannock_guarded_unrand_thermic_engine,
          firewood_loft

Skill      XL: |  1  2  3  4  5  6  7  8  9 10 11 12 13 14 15 16 17 18 19 20 21 22 23 24 25 26 |
---------------+-------------------------------------------------------------------------------+-----
Spellcasting   | 5 6 7 8 9 10 11 12 13 14 15 16 17 | 17.3
Invocations    | 1 2 3 4 5 6 7 8 9 10 11 12 13 14 15 16 17 18 | 18.0
Short Blades   | 1 2 3 4 5 6 7 8 9 10 11 12 13 14 15 16 | 16.7
Long Blades    | 1 2 3 4 5 6 7 8 9 10 11 12 13 14 15 16 | 16.7
Axes           | 1 2 3 4 5 6 7 8 9 10 11 12 13 14 15 16 | 16.7
Polearms       | 1 2 3 4 5 6 7 8 9 10 11 12 13 14 15 16 | 16.7
Staves         | 1 2 3 4 5 6 7 8 9 10 11 12 13 14 15 16 | 16.7
Slings         | 1 2 3 4 5 6 7 8 9 10 11 12 13 14 15 16 | 16.7
Bows           | 1 2 3 4 5 6 7 8 9 10 11 12 13 14 15 16 | 16.7
Crossbows      | 1 2 3 4 5 6 7 8 9 10 11 12 13 14 15 16 | 16.7
Stealth        | 1 2 3 4 5 6 7 8 9 10 11 12 13 14 15 16 | 16.7
Shields        | 1 2 3 4 5 6 7 8 9 10 11 12 13 14 15 16 | 16.7
Unarmed Combat | 1 2 3 4 5 6 7 8 9 10 11 12 13 14 15 16 | 16.7
Evocations     | 1 2 3 4 5 6 7 8 9 10 11 12 13 14 15 16 | 16.7
Conjurations   | 1 2 3 4 5 6 7 8 9 10 11 12 13 14 | 14.4
Hexes          | 1 2 3 4 5 6 7 8 9 10 11 12 13 14 | 14.4
Summonings     | 1 2 3 4 5 6 7 8 9 10 11 12 13 14 | 14.4
Necromancy     | 1 2 3 4 5 6 7 8 9 10 11 12 13 14 | 14.4
Transmutations | 1 2 3 4 5 6 7 8 9 10 11 12 13 14 | 14.4
Fire Magic     | 1 2 3 4 5 6 7 8 9 10 11 12 13 14 | 14.4
Ice Magic      | 1 2 3 4 5 6 7 8 9 10 11 12 13 14 | 14.4
Air Magic      | 1 2 3 4 5 6 7 8 9 10 11 12 13 14 | 14.4
Earth Magic    | 1 2 3 4 5 6 7 8 9 10 11 12 13 14 | 14.4
Poison Magic   | 1 2 3 4 5 6 7 8 9 10 11 12 13 14 | 14.4
Throwing       | 3 4 5 6 7 8 9 10 11 12 13 14 15 16 | 16.9
Armour         | 3 4 5 6 7 8 9 10 11 12 13 14 15 16 | 16.9
Fighting       | 5 6 7 8 9 10 11 12 13 14 15 16 17 | 17.2
Maces & Flails | 5 6 7 8 9 10 11 12 13 14 15 16 17 | 17.2
Dodging        | 5 6 7 8 9 10 11 12 13 14 15 16 17 | 17.2
Translocations | 6 7 8 9 10 11 12 13 14 15 | 15.2

Action                   |  1- 3 |  4- 6 |  7- 9 | 10-12 | 13-15 | 16-18 | 19-21 | 22-24 | 25-27 || total
-------------------------+-------+-------+-------+-------+-------+-------+-------+-------+-------++-------
Melee: Mace              |    99 |    26 |       |       |       |       |       |       |       ||   125
       Bite              |     9 |    29 |    32 |    38 |    40 |   172 |   159 |   256 |   277 ||  1012
       Punch             |     1 |     3 |     7 |    11 |    18 |    50 |       |       |       ||    90
       Staff             |       |   263 |       |       |       |       |       |       |       ||   263
       Whip              |       |    60 |   355 |   119 |       |       |       |       |       ||   534
       Shillelagh        |       |       |       |   289 |   371 |   986 |  1069 |   999 |    68 ||  3782
       War axe           |       |       |       |       |       |       |       |   226 |       ||   226
       Double sword      |       |       |       |       |       |       |       |       |  1073 ||  1073
Throw: Throwing net      |       |     4 |       |       |     2 |       |       |       |       ||     6
       Stone             |       |    19 |     8 |       |       |       |       |       |       ||    27
       Boomerang         |       |     6 |    20 |    28 |   132 |   277 |   568 |   290 |   130 ||  1451
       Dart              |       |     2 |    11 |    48 |    53 |    64 |    39 |    62 |     5 ||   284
       Javelin           |       |       |       |       |       |     9 |       |       |     2 ||    11
 Cast: Mephitic Cloud    |       |       |       |     8 |     5 |       |       |       |       ||    13
       Blink             |       |       |       |     4 |     3 |     4 |    17 |     5 |    13 ||    46
       Petrify           |       |       |       |     1 |       |     3 |       |       |       ||     4
       Apportation       |       |       |       |     1 |       |       |     3 |       |     1 ||     5
       Passage of Golubr |       |       |       |       |     1 |       |       |     1 |     2 ||     4
       Fireball          |       |       |       |       |       |    14 |    55 |    16 |     5 ||    90
       Stone Arrow       |       |       |       |       |       |     7 |     6 |    27 |       ||    40
       Lee's Rapid Decon |       |       |       |       |       |     1 |   100 |   127 |    64 ||   292
       Bolt of Magma     |       |       |       |       |       |     1 |     1 |       |       ||     2
       Passwall          |       |       |       |       |       |       |       |     2 |     3 ||     5
       Iron Shot         |       |       |       |       |       |       |       |       |    25 ||    25
Invok: Heroism           |       |       |     1 |     7 |     9 |     9 |     7 |     4 |     6 ||    43
       Finesse           |       |       |       |     6 |     8 |    10 |     7 |     4 |     4 ||    39
Evoke: Wand              |       |       |     4 |    71 |    27 |    25 |    26 |    26 |     3 ||   182
       Tin of tremorston |       |       |       |       |       |     3 |     7 |     9 |     7 ||    26
       Lightning rod     |       |       |       |       |       |     3 |     9 |     9 |       ||    21
       Condenser vane    |       |       |       |       |       |       |       |       |     2 ||     2
  Use: Scroll            |       |     5 |     5 |    13 |    13 |    14 |    15 |    13 |    23 ||   101
       Potion            |       |       |       |       |     4 |     3 |    15 |     2 |     3 ||    27
 Stab: Sleeping          |     5 |     1 |     3 |     7 |     4 |    18 |     8 |    23 |     5 ||    74
       Petrified         |       |       |       |     4 |       |       |       |       |       ||     4
       Confused          |       |       |       |     1 |     2 |       |       |       |       ||     3
       Distracted        |       |       |       |       |       |     3 |     2 |     2 |     2 ||     9
       Petrifying        |       |       |       |       |       |     1 |       |       |     1 ||     2
       Paralysed         |       |       |       |       |       |     3 |       |       |       ||     3
       Held in net/web   |       |       |       |       |       |       |     1 |       |       ||     1
Armor: Leather armour    |    19 |    87 |    80 |    94 |    65 |    16 |       |       |       ||   361
       Robe              |       |       |       |     3 |       |       |       |       |       ||     3
       Steam dragon scal |       |       |       |       |    36 |   158 |       |       |       ||   194
       Fire dragon scale |       |       |       |       |       |    61 |    74 |       |       ||   135
       Plate armour      |       |       |       |       |       |       |    25 |       |       ||    25
       Swamp dragon scal |       |       |       |       |       |       |   266 |       |       ||   266
       Scale mail        |       |       |       |       |       |       |     4 |   270 |   237 ||   511
Dodge: Dodged            |    97 |   379 |   275 |   351 |   376 |   734 |   763 |   528 |   709 ||  4212
Block: Kite shield       |       |       |       |       |       |   199 |   776 |   742 |   880 ||  2597
       Rpst.: Double sword |       |       |       |       |       |       |       |       |   100 ||   100
